 Dungeon Crawl Stone Soup version 0.28.0-45-g0d030f2227 (webtiles) character file.

Game seed: 10674753772660313431

777 AverageBear the Chopper (level 7, -7/61 HPs)
             Began as a Deep Dwarf Fighter on Apr 9, 2022.
             Engulfed by a steam dragon's steam (13 damage)
             ... on level 5 of the Dungeon.
             The game lasted 00:02:40 (2674 turns).

AverageBear the Chopper (Deep Dwarf Fighter)        Turns: 2674, Time: 00:02:41

Health: -7/61      AC:  7    Str: 20    XL:     7   Next: 54%
Magic:  3/3        EV: 10    Int: 10    God:
Gold:   175        SH:  0    Dex: 12    Spells: 6/6 levels left

rFire   . . .      SeeInvis .   a - +0 war axe
rCold   . . .      Faith    .   c - +0 buckler
rNeg    . . .      Spirit   .   b - +0 scale mail
rPois   .          Reflect  .   (no helmet)
rElec   .          Harm     .   (no cloak)
rCorr   .          Rampage  .   (no gloves)
Will    +....                   (no boots)
Stlth   ..........              (no amulet)
HPRegen 0.00/turn               (no ring)
MPRegen 0.08/turn               (no ring)

@: confused, ambrosia-drunk
A: damage resistance, heal wounds, sense surroundings 1, no regeneration
a: Heal Wounds


You were on level 5 of the Dungeon.
You visited 1 branch of the dungeon, and saw 5 of its levels.

You collected 175 gold pieces.

Inventory:

Hand Weapons
 a - a +0 war axe (weapon)
Armour
 b - a +0 scale mail (worn)
 c - a +0 buckler (worn)
Jewellery
 e - the ring of Gadodashru {Fly Stlth+}
   (You found it on level 4 of the Dungeon)

   [ring of flight]

   Fly:       It grants you flight.
   Stlth:     It makes you more stealthy.
 i - a ring of poison resistance
 l - a ring of wizardry
 o - a +4 ring of protection
Wands
 p - a wand of iceblast (11)
Scrolls
 d - 6 scrolls of immolation
 h - a scroll of fog
 k - a scroll of enchant armour
Potions
 f - a potion of lignification


   Skills:
 - Level 2.6 Fighting
 + Level 7.1 Axes
 + Level 5.8 Armour
 + Level 2.3 Dodging
 + Level 4.3 Shields


You had 6 spell levels left.
You didn't know any spells.
Your spell library was empty.

Dungeon Overview and Level Annotations

Branches:
Dungeon (5/15)
 Temple: D:4-7

Altars:
Elyvilon
The Shining One

Shops:
D:2 !


Innate Abilities, Weirdness & Mutations

You are resistant to damage.
You can heal yourself by infusing magical energy.
You passively map a small area around you.
You do not regenerate.


Message History

There are monsters nearby!
Unknown command.
There are monsters nearby!
There are monsters nearby!
There are monsters nearby!
Unknown command.
There are monsters nearby!
There are monsters nearby!
There are monsters nearby!
Unknown command.
Unknown command.
It was a potion of cancellation.
You feel magically purged. The orc barely misses you.
You block the frilled lizard's attack. The steam dragon bites you.
The steam dragon barely misses you.
You hear some strange, mumbled words.
A magic dart appears from out of thin air!
The magic dart hits you but does no damage.
It was a potion of ambrosia.
You are confused.
You feel invigorated. The frilled lizard barely misses you.
The shadow imp hits you. The steam dragon closely misses you.
The steam dragon claws you but does no damage.
Something hits you but does no damage.
You're too confused to move!
The orc barely misses you.
The frilled lizard bites you but does no damage.
The shadow imp hits you. The steam dragon breathes steam at you.
The ball of steam hits you!
* * * LOW HITPOINT WARNING * * *
Something hits you.
You hear some strange, mumbled words.
A puff of flame appears from out of thin air!
The puff of flame hits you!
* * * LOW HITPOINT WARNING * * *
You hit the steam dragon.
The steam dragon is lightly wounded.
You hit something. You hit the orc. You miss the shadow imp.
You barely miss the frilled lizard. You miss something.
You are engulfed in a cloud of scalding steam.
You die...

###########
#........†#
#.#######†######
#.# #.....o..# #.#
###....{l5.# #.#
#......D@§§# #.#
#.#....{o.§#
#.###..........# *
*
#....[.....#.#...
, *
####.........##...
#..#.....###,##§#
, * #####
#.###.....# * §#
...###..#..####. *
# #.##.....## , *


You could see a steam dragon (catching breath), a shadow imp, 2 orcs and a
frilled lizard.

Vanquished Creatures
  Grinder (D:3)
  A necrophage (D:4)
  A phantom (D:5)
  A bullfrog (D:3)
  A hound (D:4)
  2 iguanas
  Ijyb (D:3)
  3 orc wizards (D:4)
  7 adders
  A shadow imp (D:5)
  An ufetubus (D:4)
  3 worms
  3 dart slugs
  7 orcs (D:4)
  6 endoplasms
  6 giant cockroaches
  10 goblins
  3 hobgoblins
  2 jackals (D:3)
  6 kobolds
  2 quokkas
  2 ball pythons (D:4)
  6 bats
  9 frilled lizards
  5 rats
90 creatures vanquished.

Vanquished Creatures (others)
  2 plants (D:5)
2 creatures vanquished.

Grand Total: 92 creatures vanquished

Notes
Turn   | Place    | Note
-------+----------+-------------------------------------------
     0 | D:1      | AverageBear the Deep Dwarf Fighter began the quest for the
                  | Orb.
     0 | D:1      | Reached XP level 1. HP: 20/20 MP: 1/1
    77 | D:1      | Reached XP level 2. HP: 24/27 MP: 2/2
   552 | D:1      | Found a faded altar of an unknown god.
   688 | D:2      | Reached skill level 3 in Axes
   688 | D:2      | Reached XP level 3. HP: 17/33 MP: 3/3
   903 | D:2      | Found a white marble altar of Elyvilon.
  1050 | D:2      | Found Nocoo's Distillery.
  1089 | D:2      | Reached XP level 4. HP: 30/40 MP: 3/3
  1277 | D:3      | Noticed Grinder
  1287 | D:3      | Paralysed by Grinder for 3 turns
  1296 | D:3      | Killed Grinder
  1297 | D:3      | Reached skill level 5 in Axes
  1297 | D:3      | Reached skill level 1 in Dodging
  1297 | D:3      | Reached XP level 5. HP: 36/46 MP: 3/3
  1297 | D:3      | Reached XP level 6. HP: 43/55 MP: 4/4
  1603 | D:3      | Reached skill level 5 in Armour
  1632 | D:3      | Noticed Ijyb
  1648 | D:3      | Killed Ijyb
  1978 | D:4      | Reached skill level 6 in Axes
  2007 | D:4      | Reached XP level 7. HP: 27/61 MP: 4/4
  2213 | D:4      | Identified the ring of Gadodashru {Fly Stlth+}
  2280 | D:4      | Found a glowing golden altar of the Shining One.
  2605 | D:5      | Entered Level 5 of the Dungeon
  2659 | D:5      | Noticed a steam dragon
  2670 | D:5      | Reached skill level 7 in Axes
  2674 | D:5      | Engulfed by a steam dragon's steam

Illustrated notes

Levels and vault maps discovered:
D:1:      co_arrival_random_square_maze, layout_loops_ring,
          shapermc_ecumenical_altar_mp_vishouse, grunt_decor_junction,
          st_stairs_12
D:2:      layout_loops_ring, basic_altar, serial_shops, shop_fountains,
          minmay_liquid_box, minmay_tetromino_i4
D:3:      layout_loops_cross, minmay_misc_feat_nine_boxes, uniq_ijyb,
          uniq_grinder
D:4:      minmay_thick_lines, layout_cave_pools,
          mainiacjoe_overflow_concentric_impassable
D:5:      layout_loops_ring, nzn_hepliaklqana_mist_gate,
          minmay_temple_entry_offerings, nicolae_alphabet_shops,
          minmay_lizard_king

Skill      XL: |  1  2  3  4  5  6  7 |
---------------+----------------------+-----
Axes           | 3 5 6 7 |  7.1
Armour         | 4 5 |  5.8
Dodging        | 1 2 |  2.3
Shields        | 4 |  4.3
Fighting       | |  2.6

Action                   |  1- 3 |  4- 6 |  7- 9 || total
-------------------------+-------+-------+-------++-------
Melee: War axe           |   110 |    89 |    84 ||   283
 Abil: Heal Wounds       |     2 |     2 |     4 ||     8
  Use: Potion            |       |     2 |     2 ||     4
       Scroll            |       |     5 |     2 ||     7
Armor: Scale mail        |    48 |    27 |    43 ||   118
Dodge: Dodged            |    52 |    37 |    50 ||   139
Block: Buckler           |    22 |    23 |    18 ||    63
